 Dungeon Crawl Stone Soup version 0.30-a0-691-g754fce4c43 (webtiles) character file.

Game seed: 11822650193725612762

416 BigDaddyOpFi the Digger (level 7, -3/50 HPs)
             Began as a Meteoran Earth Elementalist on Jan 19, 2023.
             Slain by a black bear (5 damage)
             ... on level 4 of the Dungeon.
             The game lasted 00:04:27 (2298 turns).

BigDaddyOpFi the Digger (MeEE)                      Turns: 2298, Time: 00:04:28

Health: -3/50      AC:  4    Str: 11    XL:     7   Next: 38%
Magic:  12/14      EV: 14    Int: 16    God:
Gold:   186        SH:  0    Dex: 16    Spells: 13/14 levels left

rFire   . . .      SeeInvis +    o - staff of earth
rCold   . . .      Faith    .    (no shield)
rNeg    . . .      Spirit   .    a - +0 robe
rPois   .          Reflect  .    (no helmet)
rElec   .          Harm     .    i - +0 cloak
rCorr   .          Rampage  .    (no gloves)
Will    .....                    f - +0 pair of boots
Stlth   +                        (no amulet)
HPRegen 0.28/turn                j - ring of see invisible
MPRegen 0.14/turn                (no ring)

@: about to teleport, glowing
A: sense surroundings 1, otherworldly, glowing, explore regen
a: no special abilities


You were on level 4 of the Dungeon.
You visited 1 branch of the dungeon, and saw 5 of its levels.

You collected 186 gold pieces.

Inventory:

Hand Weapons
 c - a +0 short sword
 g - a +0 vampiric dagger
Armour
 a - a +0 robe (worn)
 f - a +0 pair of boots (worn)
 i - a +0 cloak (worn)
Magical Staves
 o - a staff of earth (weapon)
Jewellery
 j - a ring of see invisible (left hand)
Scrolls
 d - 5 scrolls of teleportation
 e - 3 scrolls of identify {unknown}
 m - 2 scrolls of vulnerability {unknown}
 p - a scroll of fog {unknown}
 q - a scroll of amnesia {unknown}
Potions
 b - 2 potions of magic
 h - a potion of curing
 k - a potion of ambrosia {unknown}
 l - 3 potions of haste
 n - a potion of might


   Skills:
 + Level 4.1 Dodging
 + Level 2.6 Stealth
 + Level 4.3 Spellcasting
 * Level 3.5 Conjurations
 - Level 2.4 Transmutations
 + Level 5.0 Earth Magic


You had 13 spell levels left.
You knew the following spells:

 Your Spells              Type           Power      Damage    Failure   Level
a - Sandblast             Erth           58%        2d13      1%          1

Your spell library contained the following spells:

 Spells                   Type           Power      Damage    Failure   Level
 Passwall                 Tmut/Erth      19%        N/A       5%          2
 Stone Arrow              Conj/Erth      50%        3d10      9%          3
 Slow                     Hex            12%        N/A       16%         1
 Petrify                  Tmut/Erth      23%        N/A       34%         4
 Confusing Touch          Hex            3%         N/A       43%         3
 Vampiric Draining        Necr           3%         2d6       43%         3


Dungeon Overview and Level Annotations

Branches:
Dungeon (5/15) Zot: 671
 Temple: D:4-7

Altars:
Cheibriados


Innate Abilities, Weirdness & Mutations

You passively map a small area around you.
You are easily found by Zot.
You glow in the dark.
You regain HP and MP as you explore.


Message History

There is an open door here.
Found a whip.
You see here a +0 whip.
You have lingered too long.
Zot senses you.
Dive deeper or flee this branch before you suffer!
(D) Dungeon
Where to? (Enter - D:4, ? - help)
There is a stone staircase leading down here.
You climb downwards.
As you enter the new level, Zot loses track of you.
The black bear growls angrily.
Found a brown potion.
There is a stone staircase leading up here.
There are monsters nearby!
You feel a surge of power!
The blast of sand hits the black bear!
The black bear is heavily wounded.
A jackal comes into view.
You feel a surge of power!
The blast of sand hits the black bear!
The black bear is almost dead.
The jackal barks!
The black bear goes berserk!
You feel a surge of power!
The blast of sand hits the black bear.
The black bear is almost dead.
The black bear bites you! The black bear closely misses you.
The black bear claws you. The phantom completely misses you.
The black bear bites you! The black bear claws you. x2
You are too injured to fight recklessly!
The black bear barely misses you. x2; The black bear claws you.
* * * LOW HITPOINT WARNING * * *
The phantom closely misses you.
You climb upwards.
There is a stone staircase leading down here.
As you read the scroll of teleportation, it crumbles to dust.
You feel strangely unstable. The black bear bites you.
* * * LOW HITPOINT WARNING * * *
The black bear closely misses you. The black bear claws you.
* * * LOW HITPOINT WARNING * * *
The phantom hits you.
* * * LOW HITPOINT WARNING * * *
The black bear bites you.
You die...

#.#.###.####...#.#
#.#
#.#............#.###
#.#
#.#####.####......(#
#.# #.......#
##.#....######.#
#########
#.............#
#.#....########
#.#..#.# #..W##.#
#...@h.# ########


You could see a black bear (berserk) and a phantom.

Vanquished Creatures
  Eustachio (D:4)
  A water moccasin (D:4)
  A scorpion (D:4)
  An orc wizard (D:3)
  A mummy (D:4)
  An adder (D:4)
  2 worms
  3 dart slugs (D:1)
  3 orcs (D:3)
  5 endoplasms
  3 giant cockroaches
  7 goblins
  3 hobgoblins
  6 ball pythons
  4 bats
  3 frilled lizards
  5 kobolds
  6 rats
56 creatures vanquished.

Notes
Turn   | Place    | Note
-------+----------+-------------------------------------------
     0 | D:1      | BigDaddyOpFi the Meteoran Earth Elementalist began the
                  | quest for the Orb.
     0 | D:1      | Reached XP level 1. HP: 14/14 MP: 5/5
    38 | D:1      | Reached XP level 2. HP: 18/20 MP: 1/6
   168 | D:1      | Reached XP level 3. HP: 20/26 MP: 0/8
   486 | D:1      | Glimpsed the power of Zot.
   529 | D:2      | Reached skill level 4 in Earth Magic
  1081 | D:2      | Glimpsed the power of Zot.
  1210 | D:3      | Reached XP level 4. HP: 27/33 MP: 3/9
  1538 | D:3      | Reached XP level 5. HP: 38/38 MP: 9/11
  1686 | D:3      | Glimpsed the power of Zot.
  1745 | D:4      | Reached skill level 1 in Conjurations
  1762 | D:4      | Found a snail-covered altar of Cheibriados.
  1768 | D:4      | Reached XP level 6. HP: 37/45 MP: 9/12
  1937 | D:4      | Noticed Eustachio
  1981 | D:4      | Killed Eustachio
  2064 | D:4      | Reached XP level 7. HP: 50/50 MP: 12/14
  2088 | D:4      | Noticed a water moccasin
  2094 | D:4      | Killed a water moccasin
  2095 | D:4      | Reached skill level 5 in Earth Magic
  2272 | D:4      | Glimpsed the power of Zot.
  2292 | D:5      | Entered Level 5 of the Dungeon
  2298 | D:4      | HP: 2/50 [phantom (3)]
  2298 | D:4      | Slain by a black bear

Illustrated notes

Levels and vault maps discovered:
D:1:      amcnicky_arrival_blooded_trapdoor, layout_rooms
D:2:      layout_loops_ring
D:3:      layout_basic
D:4:      layout_loops_corners, slow_altar_1, minmay_misc_feat_chi,
          corexii_checkpoint_a, uniq_eustachio
D:5:      layout_basic, nicolae_ru_path_of_blood, minmay_temple_entry_statues,
          serial_rivers, chequers_serial_rivers_large_a,
          chequers_serial_rivers_large_b, chequers_serial_rivers_micro_e,
          chequers_serial_rivers_micro_c, chequers_serial_rivers_small_a,
          minmay_misc_feat_roman, kennysheep_nub, minmay_shop_grid_forest,
          minivault_5, minmay_misc_feat_nine_boxes, kennysheep_generic_room_9

Skill      XL: |  1  2  3  4  5  6  7 |
---------------+----------------------+-----
Spellcasting   | 3 4 |  4.3
Earth Magic    | 4 5 |  5.0
Transmutations | 2 |  2.4
Dodging        | 3 4 |  4.1
Stealth        | 2 |  2.6
Conjurations   | 1 3 |  3.5

Action                   |  1- 3 |  4- 6 |  7- 9 || total
-------------------------+-------+-------+-------++-------
Melee: Unarmed           |     1 |       |       ||     1
       Short sword       |     4 |     7 |       ||    11
       Dagger            |       |     7 |       ||     7
 Cast: Sandblast         |    44 |    41 |    11 ||    96
  Use: Scroll            |     1 |       |     1 ||     2
       Potion            |       |     5 |       ||     5
 Stab: Sleeping          |     1 |       |       ||     1
Armor: Robe              |     5 |    12 |     1 ||    18
Dodge: Dodged            |    13 |    20 |     8 ||    41

Table legend: (Time is in decaauts)
 A = Elapsed time spent in this place.
 B = Non-inter-level travel time spent in this place.
 C = Inter-level travel time spent in this place.
 D = Time resting spent in this place.
 E = Time spent auto-exploring this place.
 F = Levels seen in this place.
 G = Mean time per level.
                   A        B        C        D        E       F      G
               +--------+--------+--------+--------+--------+-----+--------+
         Total |   2327 |   2272 |     55 |    115 |   1710 |   5 |  465.4 |
       Dungeon |   2327 |   2272 |     55 |    115 |   1710 |   5 |  465.4 |
               +--------+--------+--------+--------+--------+-----+--------+

Top non-repeatable levels by time:
     D:2: 626 daAuts
     D:4: 609 daAuts
     D:3: 583 daAuts
     D:1: 501 daAuts
     D:5: 6 daAuts
